AoeStats
← R1b7n12

Arena

506422506Analyzed
1v1 RM · 17d ago on Sep 13, 2026· 29m 42s· 2 players
Game mode
Random Map
Map size
Tiny (2 player)
Population
200
Speed
Normal
Resources
Standard
Victory
Conquest
Starting age
Dark Age
Ending age
Imperial Age
RankedLock teamsTeams togetherTeam positionsShared explorationLock speedFull tech treeHidden civsTurbo modeCheats
Victory
Defeat
🇩🇪 Koreans · Germany
985
+16
🇹🇼 Franks · Taiwan
976
-16
yummy900130
9:32 Loom
11:43 Feudal Age
16:19 Castle Age
14:58 Stone Mining
16:00 Double-Bit Axe
R1b7n12
8:34 Loom
10:41 Feudal Age
13:06 Loom
15:54 Castle Age
14:20 Double-Bit Axe
15:06 Horse Collar
19:52 Scale Mail Armor
20:03 Forging
22:53 Wheelbarrow
24:42 Iron Casting
26:38 Gold Mining
30:19 Squires
30:05 Gambesons
Connection lost

Rejoining the realm…

Still unreachable

The connection could not be restored.

Session expired

The server has moved on; the page needs a fresh start.